 Dungeon Crawl Stone Soup version 0.22.1-1-ga44c0e56f4 (webtiles) character file.

3597 FreshCat the Grave Robber (level 9, -4/66 HPs)
             Began as a Demonspawn Necromancer on Oct 14, 2018.
             Was a Believer of Vehumet.
             Killed from afar by an electric eel (9 damage)
             ... with a bolt of electricity
             ... on level 8 of the Dungeon.
             The game lasted 00:50:18 (9612 turns).

FreshCat the Grave Robber (Demonspawn Necromancer)  Turns: 9612, Time: 00:50:18

Health: -4/66      AC: 13    Str: 11    XL:     9   Next: 85%
Magic:  33/33      EV: 14    Int: 20    God:    Vehumet [**....]
Gold:   313        SH:  0    Dex: 14    Spells: 8/20 levels left

rFire    + . .     SeeInvis .   C - staff of power
rCold    . . .     Gourm    .   (no shield)
rNeg     . . .     Faith    .   n - +2 robe {rF+}
rPois    .         Spirit   .   y - +2 helmet {Int+3}
rElec    .         Reflect  .   D - +1 cloak
rCorr    .         Harm     .   (no gloves)
MR       .....                  (no boots)
Stlth    +++.......             (no amulet)
HPRegen  0.21/turn              v - +1 ring of slaying
MPRegen  0.23/turn              z - +4 ring of protection

@: no status effects
A: claws 2, demonic guardian 1, spiny 1
a: Renounce Religion


You were on level 8 of the Dungeon.
You worshipped Vehumet.
Vehumet was pleased with you.
You were not hungry.

You visited 1 branch of the dungeon, and saw 9 of its levels.

You collected 540 gold pieces.
You spent 227 gold pieces at shops.

Inventory:

Missiles
 i - 94 stones (quivered)
Armour
 d - a +1 leather armour of poison resistance
 n - a +2 robe of fire resistance (worn)
 y - a +2 helmet of intelligence (worn)
 D - a +1 cloak (worn)
Magical Staves
 r - an uncursed staff of cold
 C - an uncursed staff of power (weapon)
Jewellery
 v - a +1 ring of slaying (left claw)
 z - a +4 ring of protection (right claw)
 A - an uncursed ring of resist corrosion
Wands
 w - a wand of paralysis (14)
Scrolls
 e - 2 scrolls of fog
 g - 3 scrolls of immolation
 j - 3 scrolls of identify
 k - 2 scrolls of magic mapping
 m - a scroll of remove curse
 o - a scroll of fear
 t - 6 scrolls of teleportation
 B - a scroll of torment
 F - a scroll of blinking
Potions
 b - 5 potions of curing
 f - 2 potions of haste
 h - a potion of berserk rage
 l - 4 potions of cancellation
 p - a potion of flight
 q - a potion of brilliance
 s - a potion of mutation
 u - 2 potions of might
 x - a potion of agility
 E - a potion of ambrosia
Comestibles
 c - 23 rations


   Skills:
 * Level 4.6 Fighting
 * Level 4.3 Staves
 * Level 4.6 Dodging
 * Level 5.3 Stealth
 * Level 3.3 Unarmed Combat
 + Level 6.3 Spellcasting
 + Level 7.8 Necromancy
 + Level 2.3 Earth Magic


You had 8 spell levels left.
You knew the following spells:

 Your Spells              Type           Power        Failure   Level  Hunger
a - Pain                  Necr           ####         1%          1    None
b - Vampiric Draining     Necr           #####.....   1%          3    ##.....
c - Regeneration          Chrm/Necr      ###.......   6%          3    ##.....
d - Sandblast             Erth           ###...       3%          1    None
e - Stone Arrow           Conj/Erth      ##....       19%         3    ##.....
f - Freeze                Ice            #...         11%         1    None

Your spell library contained the following spells:

 Spells                   Type           Power        Failure   Level  Hunger
 Animate Skeleton         Necr           N/A          1%          1    None
 Animate Dead             Necr           N/A          4%          4    ####...
 Passwall                 Tmut/Erth      ##......     10%         2    None
 Apportation              Tloc           #.....       11%         1    None
 Confusing Touch          Hex            #.....       11%         1    None
 Summon Small Mammal      Summ           #...         11%         1    None
 Petrify                  Tmut/Erth      ##......     52%         4    ####...
 Lee's Rapid Deconstruct  Erth           ###.......   71%         5    #####..


Dungeon Overview and Level Annotations

Branches:
Dungeon (9/15)             Temple (0/1) D:4
   Lair: D:8-11         Orc: D:9-12

Altars:
Ashenzari
Elyvilon
Sif Muna
Vehumet

Shops:
D:4 *   D:5 =   D:7 ?

Annotations:
D:6 Prince Ribbit


Innate Abilities, Weirdness & Mutations

You have very sharp fingernails.
A weak demonic guardian rushes to your aid.
You are partially covered in sharp spines.


Message History

The bolt of electricity misses you.
The electric eel shoots out a bolt of lightning at you!
The bolt of electricity hits the electric eel.
The electric eel completely resists.
The bolt of electricity misses you.
The electric eel shoots out a bolt of lightning at you!
The bolt of electricity hits you!
The electric eel shoots out a bolt of lightning at you!
The bolt of electricity hits you!
The electric eel shoots out a bolt of lightning at you!
The bolt of electricity hits the electric eel.
The electric eel completely resists.
The bolt of electricity hits you!
The electric eel shoots out a bolt of lightning at you!
The bolt of electricity hits you!
The electric eel shoots out a bolt of lightning at you!
The bolt of electricity hits you!
* * * LOW HITPOINT WARNING * * *
The electric eel shoots out a bolt of lightning at you!
The bolt of electricity hits the electric eel.
The electric eel completely resists.
The bolt of electricity hits you!
You die...

#...###.....###
#### #.....#
#####.# #÷# #÷##
#..# ##########÷#
#........5.###♣ ♣♣≈
#.########@.#≈♣≈≈≈≈
#.# #≈♣..≈≈≈≈≈≈≈
#.# #♣≈≈.........
#.# ♣P≈≈;5÷≈≈≈≈;≈
#.# ♣≈P≈≈≈.≈≈≈≈≈≈≈
#.# ♣≈≈≈≈≈;.≈≈≈≈≈≈≈
#.#≈P≈≈≈≈P≈.≈≈≈♣♣♣P
≈≈≈≈P≈≈≈.≈≈♣♣
♣P≈P≈≈≈≈.≈≈♣


You could see 3 electric eels, a friendly iron imp and a friendly quasit.

Vanquished Creatures
  A hippogriff (D:7)
  A spriggan (D:7)
  4 yaks (D:8)
  Eustachio (D:6)
  A sky beast (D:8)
  A phantom (D:7)
  2 ice beasts
  An ogre (D:7)
  A centaur (D:7)
  3 bullfrogs (D:7)
  A scorpion (D:8)
  5 killer bees
  2 howler monkeys
  An electric eel (D:8)
  A quasit (D:4)
  2 crimson imps
  3 jellies
  3 hounds
  A bullfrog skeleton (D:7)
  7 orc wizards
  5 worker ants
  A killer bee zombie (D:7)
  A hound skeleton (D:6)
  2 worker ant zombies
  6 gnolls
  11 adders
  A shadow imp (D:7)
  A worm (D:3)
  A dart slug (D:1)
  6 leopard geckos
  12 orcs
  6 giant cockroaches
  10 goblins
  5 hobgoblins
  8 jackals
  5 quokkas
  2 ball pythons
  4 bats (D:1)
  7 frilled lizards
  11 kobolds
  5 rats
152 creatures vanquished.

Vanquished Creatures (collateral kills)
  A hippogriff (D:7)
  A black bear (D:7)
  A sky beast (D:7)
  2 ogres
  A water moccasin skeleton (D:6)
  3 crimson imps
  2 orc wizards (D:7)
  A gnoll (D:6)
  An adder (D:5)
  2 orcs (D:6)
15 creatures vanquished.

Vanquished Creatures (others)
  A goblin (D:4)
  3 plants (D:8)
4 creatures vanquished.

Grand Total: 171 creatures vanquished

Notes
Turn   | Place    | Note
-------+----------+-------------------------------------------
     0 | D:1      | FreshCat the Demonspawn Necromancer began the quest for the
                  | Orb.
     0 | D:1      | Reached XP level 1. HP: 13/13 MP: 3/3
   427 | D:1      | Gained mutation: You are partially covered in sharp spines.
                  | [demonic ancestry]
   427 | D:1      | Reached XP level 2. HP: 19/19 MP: 3/5
   585 | D:1      | Reached skill level 5 in Necromancy
  1195 | D:1      | Gained mutation: A weak demonic guardian rushes to your
                  | aid. [demonic ancestry]
  1195 | D:1      | Reached XP level 3. HP: 25/25 MP: 4/6
  1501 | D:2      | Found a white marble altar of Elyvilon.
  1725 | D:2      | Learned a level 3 spell: Vampiric Draining
  2484 | D:3      | Reached XP level 4. HP: 29/31 MP: 3/7
  2623 | D:3      | Reached skill level 1 in Fighting
  3014 | D:3      | Learned a level 3 spell: Regeneration
  3228 | D:3      | Gained mutation: You have sharp fingernails. [demonic
                  | ancestry]
  3228 | D:3      | Reached XP level 5. HP: 37/37 MP: 7/9
  3642 | D:5      | Entered Level 5 of the Dungeon
  3644 | D:5      | Found Emyf's Jewellery Shoppe.
  3662 | D:5      | Reached skill level 1 in Staves
  3665 | D:5      | Bought a +1 ring of slaying for 66 gold pieces
  3793 | D:4      | HP: 1/37 [poisoned by a worker ant]
  4121 | D:4      | Found a radiant altar of Vehumet.
  4129 | D:4      | Became a worshipper of Vehumet
  4403 | D:4      | Noticed an ogre
  4416 | D:4      | Killed an ogre
  4416 | D:4      | Reached XP level 6. HP: 42/44 MP: 6/11
  4647 | D:4      | Found a staircase to the Ecumenical Temple.
  4665 | D:4      | Found Gohahuil's Assorted Antiques.
  4673 | D:4      | Bought a helmet for 121 gold pieces
  5370 | D:5      | Reached skill level 6 in Necromancy
  6575 | D:6      | Reached XP level 7. HP: 42/51 MP: 12/12
  6945 | D:7      | Reached * piety under Vehumet
  6945 | D:7      | Offered knowledge of Sandblast by Vehumet.
  6948 | D:7      | Learned a level 1 spell: Sandblast
  7233 | D:6      | Noticed Prince Ribbit
  7241 | D:6      | Noticed Eustachio
  7247 | D:6      | Reached skill level 1 in Unarmed Combat
  7263 | D:6      | Killed Eustachio
  7263 | D:6      | Gained mutation: You have very sharp fingernails. [demonic
                  | ancestry]
  7263 | D:6      | Reached XP level 8. HP: 37/58 MP: 7/14
  7709 | D:8      | Noticed a hippogriff
  7726 | D:7      | Killed a hippogriff
  7726 | D:7      | Reached skill level 7 in Necromancy
  7917 | D:7      | Reached skill level 1 in Earth Magic
  8014 | D:7      | Found Udynwodi's Magic Scroll Boutique.
  8020 | D:7      | Reached skill level 5 in Spellcasting
  8041 | D:7      | Bought a scroll of identify for 20 gold pieces
  8041 | D:7      | Bought a scroll of identify for 20 gold pieces
  8088 | D:7      | Found a shattered altar of Ashenzari.
  8088 | D:7      | Found a deep blue altar of Sif Muna.
  8256 | D:7      | Learned a level 3 spell: Stone Arrow
  8324 | D:7      | Reached XP level 9. HP: 55/65 MP: 16/16
  8383 | D:7      | Reached ** piety under Vehumet
  8383 | D:7      | Offered knowledge of Freeze by Vehumet.
  8391 | D:7      | Learned a level 1 spell: Freeze
  9057 | D:7      | Reached skill level 5 in Stealth
  9612 | D:8      | Killed from afar by an electric eel

Skill      XL: |  1  2  3  4  5  6  7  8  9 |
---------------+----------------------------+-----
Necromancy     | 5 6 7 |  7.8
Dodging        | 2 3 4 |  4.6
Stealth        | 2 3 4 5 |  5.3
Fighting       | 1 2 3 4 |  4.6
Staves         | 1 2 3 4 |  4.3
Spellcasting   | 3 4 5 6 |  6.3
Unarmed Combat | 1 2 3 |  3.3
Earth Magic    | 1 2 |  2.3

Action                   |  1- 3 |  4- 6 |  7- 9 || total
-------------------------+-------+-------+-------++-------
Melee: Unarmed           |    22 |       |       ||    22
       Staff             |     5 |    59 |    72 ||   136
 Cast: Pain              |    47 |    87 |    99 ||   233
       Vampiric Draining |     2 |       |    37 ||    39
       Sandblast         |       |       |    65 ||    65
  Use: Scroll            |     6 |    13 |     9 ||    28
       Potion            |       |     4 |     4 ||     8
 Stab: Sleeping          |     1 |     2 |     1 ||     4
  Eat: Chunk             |     2 |     6 |    11 ||    19
       Ration            |     1 |     2 |       ||     3
Armor: Robe              |     7 |    16 |    64 ||    87
Dodge: Dodged            |    27 |    64 |   123 ||   214
